Map: Ulrena

Players

Barragan - Winner!

  • Race: Protoss Protoss
  • League: Silver

Solace

  • Race: Protoss Protoss

VOD

Have the link to the VOD?

Description

Time

  • Played on: Feb. 27, 2016, 3:08 p.m.
  • Length: 14:46
Show
View Real Time Build Order
Export as new Build Order

Barragan Protoss - Winner!

Build Orders:  

Get SALT Encoding   

  12  0:01  Probe (Chrono Boost)  
  13  0:12  Probe (Chrono Boost)  
  14  0:17  Pylon  
  14  0:22  Probe (Chrono Boost)  
  15  0:36  Probe (Chrono Boost)  
  15  0:39  Gateway  
  16  0:45  Assimilator  
  16  0:48  Probe (Chrono Boost)  
  17  0:58  Probe (Chrono Boost)  
  17  1:03  Pylon  
  18  1:09  Probe (Chrono Boost)  
  19  1:29  Cybernetics Core  
  19  1:39  Assimilator  
  19  1:42  Probe (Chrono Boost)  
  20  1:50  Pylon  
  20  1:53  Gateway, Probe (Chrono Boost)  
  21  2:03  Probe (Chrono Boost)  
  22  2:09  Warp Gate (Chrono Boost)  
  22  2:14  Mothership Core (Chrono Boost)  
  24  2:19  Gateway  
  24  2:23  Gateway  
  24  2:27  Adept  
  26  2:43  Twilight Council  
  26  2:45  Pylon  
  28  2:51  Adept  
  28  3:06  Adept x2  
  28  3:12  Adept  
  34  3:21  Resonating Glaives  
  34  3:55  Nexus  
  24  5:05  Dark Shrine  
  24  5:12  Robotics Facility  
  24  5:13  Gateway  
  24  5:16  Gateway  
  24  5:23  Adept  
  24  5:24  Probe  
  27  5:28  Probe  
  27  5:35  Probe  
  28  5:41  Probe  
  30  5:44  Pylon, Adept  
  30  5:45  Pylon, Probe  
  30  5:47  Sentry x2  
  37  5:53  Probe  
  37  5:56  Probe  
  39  6:05  Probe  
  39  6:06  Probe  
  39  6:07  Adept  
  39  6:08  Adept  
  45  6:17  Probe x2  
  46  6:22  Dark Templar x2  
  51  6:26  Observer  
  51  6:28  Probe  
  53  6:38  Probe  
  53  6:41  Adept x2  
  58  7:20  Adept x3  
  58  7:21  Adept x2  
  64  7:26  Adept  
  66  7:42  Gateway  
  66  7:43  Gateway  
  70  7:44  Immortal (Chrono Boost)  
  70  7:46  Gateway  
  70  7:47  Pylon  
  70  7:50  Pylon  
  70  7:52  Pylon  
  70  8:00  Adept x3  
  70  8:01  Adept  
  78  8:19  Immortal (Chrono Boost)  
  82  8:24  Forge  
  82  8:40  Nexus  
  82  8:43  Pylon  
  82  8:56  Assimilator  
  82  9:06  Adept x3  
  82  9:07  Adept x3  
  94  9:15  Protoss Ground Weapons Level 1  
  87  9:36  Probe  
  88  9:40  Probe  
  89  9:48  Probe  
  89  9:50  Stalker x2  
  89  9:52  Probe  
  95  9:53  Stalker x3  
  95  9:54  Stalker x3  
  107  10:04  Probe  
  108  10:10  Warp Prism (Chrono Boost)  
  100  10:41  Immortal (Chrono Boost)  
  98  10:59  Dark Templar  
  98  11:00  Dark Templar x2  
  98  11:01  Adept x2  
  108  11:28  Probe  
  109  11:36  Probe x2  
  109  11:39  Probe  
  112  11:48  Probe x2  
  112  11:49  Probe  
  115  12:00  Probe x2  
  116  12:01  Dark Templar x3  
  115  12:10  Probe  
  106  12:25  Dark Templar x5  
  106  12:33  Assimilator  
  106  12:35  Assimilator  
  88  12:37  Pylon  
  88  12:40  Pylon  
  80  12:45  Pylon  
  60  13:15  Immortal (Chrono Boost)  
  60  13:18  Zealot x4  
  60  13:19  Zealot x5  
  60  13:41  Zealot  
  60  13:42  Zealot x7  
  60  13:43  Zealot  
  74  13:49  Immortal (Chrono Boost)  
  74  13:54  Mothership Core  
  70  14:03  Adept x5  
  70  14:04  Adept x4  
Show
View Real Time Build Order
Export as new Build Order

Solace Protoss 

Build Orders: 1 Gate Expand 

Get SALT Encoding   

  12  0:01  Probe (Chrono Boost)  
  13  0:11  Probe (Chrono Boost)  
  14  0:18  Pylon  
  14  0:22  Probe (Chrono Boost)  
  15  0:36  Probe (Chrono Boost)  
  15  0:42  Gateway  
  16  0:46  Probe (Chrono Boost)  
  17  0:50  Assimilator  
  17  0:57  Probe (Chrono Boost)  
  18  1:08  Probe (Chrono Boost)  
  20  1:18  Probe (Chrono Boost)  
  20  1:30  Nexus  
  19  1:38  Cybernetics Core  
  19  1:42  Probe (Chrono Boost)  
  20  1:49  Assimilator  
  20  1:57  Probe (Chrono Boost)  
  20  1:58  Pylon  
  21  2:15  Mothership Core (Chrono Boost)  
  23  2:20  Gateway  
  23  2:22  Warp Gate (Chrono Boost)  
  23  2:27  Stalker  
  25  2:34  Probe  
  26  2:41  Probe  
  27  2:50  Probe  
  28  3:00  Gateway  
  28  3:01  Probe  
  28  3:02  Probe  
  30  3:12  Probe  
  30  3:14  Stalker  
  33  3:28  Probe  
  33  3:29  Robotics Facility, Probe  
  35  3:37  Stalker  
  35  3:41  Probe  
  37  3:42  Probe  
  37  3:47  Assimilator  
  39  3:51  Probe  
  39  3:54  Probe  
  36  4:19  Stalker x3  
  35  4:53  Stalker  
  35  4:56  Probe  
  35  4:57  Probe  
  39  5:07  Probe  
  39  5:09  Probe  
  41  5:18  Stalker  
  41  5:19  Stalker  
  45  5:28  Pylon  
  45  5:38  Probe  
  46  5:44  Pylon, Probe  
  47  5:53  Forge  
  47  5:54  Twilight Council  
  47  5:56  Probe  
  48  5:57  Probe  
  49  6:04  Stalker  
  51  6:25  Robotics Facility  
  51  6:27  Stalker  
  51  6:28  Stargate  
  51  6:29  Probe  
  51  6:30  Probe  
  55  6:43  Blink  
  55  6:44  Protoss Ground Weapons Level 1  
  55  6:45  Probe  
  55  6:46  Probe  
  57  6:53  Assimilator  
  55  6:56  Observer  
  51  7:03  Sentry  
  47  7:27  Observer  
  48  7:38  Stalker  
  48  7:39  Stalker x2  
  48  7:41  Probe  
  48  7:42  Probe  
  56  7:58  Photon Cannon  
  56  8:00  Photon Cannon x2  
  56  8:04  Pylon  
  56  8:05  Oracle  
  59  8:08  Probe  
  59  8:12  Probe  
  61  8:21  Probe  
  61  8:25  Probe  
  63  8:36  Observer  
  63  8:38  Probe  
  63  8:39  Probe  
  66  8:41  Stalker x2  
  70  8:53  Pylon  
  70  8:58  Pylon  
  70  9:06  Pylon  
  70  9:09  Probe  
  70  9:11  Probe  
  69  9:34  Stalker x3  
  69  9:35  Probe  
  69  9:36  Probe  
  77  9:39  Immortal  
  77  9:40  Protoss Ground Weapons Level 2  
  81  9:48  Probe  
  82  9:58  Nexus  
  82  9:59  Pylon  
  82  10:09  Stalker x2  
  85  10:35  Stalker  
  87  10:36  Stalker  
  89  10:56  Probe  
  85  10:57  Probe  
  85  10:59  Stalker x3  
  93  11:09  Pylon  
  93  11:11  Pylon  
  93  11:14  Pylon  
  93  11:16  Pylon  
  93  11:18  Pylon  
  93  11:27  Immortal  
  97  11:35  Gateway  
  97  11:39  Gateway, Stalker  
  99  11:40  Stalker  
  99  11:41  Gateway  
  99  11:43  Gateway  
  101  11:48  Gateway  
  60  12:34  Stalker x3  
  36  13:02  Stalker x3  
  18  14:36  Stalker  
Tags
 
League
Silver
Matchup
PvP
Add a new tag
Caveats
  • Supply blocks, unpowered buildings, or Contaminate may cause inaccurate times.
  • Supply counts are checked every 10 seconds.